[Event "*** SCC Grand Prix: Titled Tuesday Blitz"]
[Site "Chess.com"]
[Date "2020.07.14"]
[Round "4"]
[White "aliba25"]
[Black "lucachess49"]
[Result "1-0"]
[WhiteElo "2606"]
[BlackElo "2409"]
[TimeControl "180+1"]
[EndTime "10:39:32 PDT"]
[Termination "aliba25 won by resignation"]

1. d4 Nf6 2. c4 e6 3. Nf3 a6 4. Nc3 d5 5. cxd5 exd5 6. Bg5 Be6 7. e3 Nbd7 8. Bd3 Bd6 9. O-O c6 10. h3 Qc7 11. Rc1 h6 12. Bxf6 Nxf6 13. e4 dxe4 14.
Nxe4 Nxe4 15. Bxe4 Bf4 16. Rc3 O-O 17. g3 Bxg3 18. fxg3 Qxg3+ 19. Kh1 Qxh3+ 20. Nh2 Qh4 21. Qf3 f5 22. Bc2 Bd5 23. Bb3 Rad8 24. Bxd5+ Rxd5 25. Rb3 Rf7 26. Qg2 Rxd4 27. Rh3 Qe4 28. Nf3 Rc4 29.
Rxh6 Qg4 30. Rg6 Qh5+ 31. Kg1 Rg4 32. Rxg4 fxg4 33. Nd4 Qc5 34. Rxf7 Qxd4+ 35. Rf2 c5 36. Qg3 c4 37. Kh2 b5 38. Re2 b4 39. Qe5 Qd3 40. Qe8+ Kh7 41. Qh5+ 1-0

[Event "*** SCC Grand Prix: Titled Tuesday Blitz"]
[Site "Chess.com"]
[Date "2020.07.14"]
[Round "4"]
[White "floplover"]
[Black "Borsuk_Konstantin"]
[Result "0-1"]
[WhiteElo "2254"]
[BlackElo "2567"]
[TimeControl "180+1"]
[EndTime "10:39:33 PDT"]
[Termination "Borsuk_Konstantin won on time"]

1. d4 Nf6 2. c4 e6 3. Nc3 Bb4 4. Qc2 O-O 5. e4 c5 6. d5 exd5 7. exd5 Re8+ 8. Be2 Ne4 9. Nf3 Qf6 10.
Bd2 Nxd2 11. Qxd2 d6 12. Rc1 Bg4 13. O-O Nd7 14. a3 Ba5 15. Rfe1 Re7 16. h3 Bh5 17.
Nh2 Bxe2 18. Rxe2 Rae8 19. Rxe7 Qxe7 20. Nf3 Qd8 21. Kf1 g6 22. Qd3 a6 23. Ne4 Nf6 24.
Ned2 h6 25. g3 Kg7 26. Kg2 Qd7 27. Re1 Rxe1 28. Nxe1 b5 29. Nef3 b4 30. axb4 Bxb4 31. Ne4 Nxe4 32. Qxe4 a5 33. h4 h5 34. Ng5 a4 35.
Qf3 Qe7 36. Kh2 Qf6 37. Qe2 Ba5 38. Kg2 Bd8 39. Kh2 Qd4 40. Nf3 Qf6 41. Ng5 Qf5 42.
Nf3 Bf6 43. Kg2 Qb1 44. Ne1 Qxb2 45. Qf3 a3 46. Nd3 Qc3 47. Qe4 a2 48. Nf4 a1=Q 49. Qe8 Qe5 50. Ne6+ fxe6 51. Qd7+ Kh6 52. Qf7 exd5 53. Qf8+ Bg7 0-1

[Event "*** SCC Grand Prix: Titled Tuesday Blitz"]
[Site "Chess.com"]
[Date "2020.07.14"]
[Round "4"]
[White "Haapana"]
[Black "Vse_po_kaify"]
[Result "0-1"]
[WhiteElo "2335"]
[BlackElo "2013"]
[TimeControl "180+1"]
[EndTime "10:39:34 PDT"]
[Termination "Vse_po_kaify won on time"]

1. d4 Nf6 2. c4 e6 3. Nf3 a6 4. g3 b5 5. Nbd2 Bb7 6. Bg2 Be7 7. O-O O-O 8. b3 c5 9. Bb2 Nc6 10. dxc5 Bxc5 11. e3 d5 12. cxd5 Nxd5 13. Ne4 Be7 14. Rc1 Rc8 15. Nd4 Qd7 16. Nxc6 Bxc6 17. Qd4 f6 18. Nc5 Bxc5 19. Rxc5 Bb7 20. Rfc1 Rxc5 21. Rxc5 Rc8 22. h4 Rxc5 23. Qxc5 Kf7 24. Bd4 e5 25.
Bb2 Ne7 26. Bxb7 Qxb7 27. Ba3 Qd7 28. Kh2 h5 29. Bb4 Ng6 30. Qc2 f5 31. Bd2 e4 32.
Qc3 Qd6 33. Kg2 Ne5 34. Bc1 Nf3 35. Bb2 Qd1 36. Qxg7+ Ke8 37. Qg8+ Kd7 38. Qf7+ Kc6 39. Qe6+ Kc7 40. Qe7+ Kb6 41. Qe6+ Kb7 0-1

[Event "*** SCC Grand Prix: Titled Tuesday Blitz"]
[Site "Chess.com"]
[Date "2020.07.14"]
[Round "4"]
[White "profofchess"]
[Black "Witik"]
[Result "0-1"]
[WhiteElo "2475"]
[BlackElo "2675"]
[TimeControl "180+1"]
[EndTime "10:39:35 PDT"]
[Termination "Witik won on time"]

1. e4 c6 2. d4 d5 3. f3 e6 4.
Nc3 Bb4 5. Bd2 Nf6 6. e5 Nfd7 7. Nce2 Be7 8. f4 c5 9. c3 Nc6 10. Nf3 b5 11. g3 Qb6 12. h4 a5 13. Bh3 b4 14. O-O Ba6 15. Be3 O-O 16. Rf2 a4 17. a3 bxa3 18. bxa3 Bc4 19. f5 cxd4 20. Nexd4 Ndxe5 21. fxe6 Nd3 22. exf7+ Kh8 23. Rd2 Nce5 24. Nxe5 Nxe5 25. Rb1 Qg6 26. Nf5 Rxf7 27. h5 Qe6 28. g4 Raf8 29. Nd4 Nf3+ 30. Qxf3 Rxf3 31. Nxe6 Rxe3 32. Nxf8 Rxh3 33. Ne6 h6 34. Nf4 Rg3+ 35. Kh2 Rxg4 36. Rb8+ Kh7 37. Rb7 Bd6 0-1

[Event "*** SCC Grand Prix: Titled Tuesday Blitz"]
[Site "Chess.com"]
[Date "2020.07.14"]
[Round "4"]
[White "Ranindu2003"]
[Black "ikhasu"]
[Result "1-0"]
[WhiteElo "2611"]
[BlackElo "2423"]
[TimeControl "180+1"]
[EndTime "10:39:35 PDT"]
[Termination "Ranindu2003 won by checkmate"]

1. e4 e5 2. Nf3 Nc6 3. Bb5 a6 4. Ba4 Nf6 5. O-O Be7 6. d3 b5 7. Bb3 O-O 8. a3 d6 9. Nc3 Be6 10. Nd5 Bxd5 11. exd5 Nb8 12. Re1 Nbd7 13. d4 exd4 14.
Nxd4 Nb8 15. Bg5 Re8 16. Qe2 Kf8 17. Qd3 Kg8 18. Re3 h6 19. Bh4 g5 20. Bg3 Bf8 21. Rae1 Rxe3 22. Rxe3 Ng4 23. Re4 Nf6 24. Re2 Qd7 25. h4 c5 26. dxc6 Nxc6 27. hxg5 hxg5 28. Nf3 g4 29. Ng5 d5 30. Be5 Bg7 31. Bxf6 Bxf6 32. Qh7+ Kf8 33. Qh6+ Bg7 34. Qh4 Qf5 35. c3 Kg8 36. Bc2 Qf4 37. g3 Qc1+ 38. Kg2 Ne5 39. Qh7+ Kf8 40. Rxe5 Bxe5 41. Qxf7# 1-0

[Event "*** SCC Grand Prix: Titled Tuesday Blitz"]
[Site "Chess.com"]
[Date "2020.07.14"]
[Round "4"]
[White "AlanZhang"]
[Black "YPradafah"]
[Result "0-1"]
[WhiteElo "2229"]
[BlackElo "2567"]
[TimeControl "180+1"]
[EndTime "10:39:35 PDT"]
[Termination "YPradafah won on time"]

1. e4 c5 2. Nf3 Nc6 3. d4 cxd4 4. Nxd4 Nf6 5. Nc3 e5 6. Ndb5 d6 7. Bg5 a6 8. Na3 b5 9. Nd5 Be7 10. Bxf6 Bxf6 11. c4 b4 12. Nc2 a5 13. h4 O-O 14.
g3 Be6 15. Bh3 Rb8 16. Kf1 Qd7 17. Kg2 Bd8 18. b3 Bxh3+ 19. Rxh3 f5 20. exf5 Qxf5 21. Qe2 Bb6 22. Rf1 Bc5 23. g4 Qd7 24. f4 exf4 25. Rxf4 Ne5 26. Rg3 Rxf4 27. Nxf4 Rf8 28. Qe4 Kh8 29.
g5 Qf7 30. Ne2 Qf1+ 31. Kh2 Rf2+ 32. Rg2 g6 33. Rxf2 Qxf2+ 34. Qg2 Qxh4+ 35. Qh3 Qxg5 0-1

[Event "*** SCC Grand Prix: Titled Tuesday Blitz"]
[Site "Chess.com"]
[Date "2020.07.14"]
[Round "4"]
[White "tlomigtlis"]
[Black "Alexander_Moskalenko"]
[Result "0-1"]
[WhiteElo "2423"]
[BlackElo "2773"]
[TimeControl "180+1"]
[EndTime "10:39:35 PDT"]
[Termination "Alexander_Moskalenko won by checkmate"]

1. d4 e6 2. c4 d5 3. Nc3 c6 4. e4 dxe4 5. Nxe4 Bb4+ 6. Bd2 Qxd4 7. Bxb4 Qxe4+ 8. Ne2 Na6 9. Bf8 Ne7 10. Bxg7 Rg8 11.
Bf6 Nb4 12. Qd6 Nbd5 13. cxd5 exd5 14. Qxe7+ Qxe7 15. Bxe7 Kxe7 16. Ng3 Be6 17. Bd3 h5 18. h4 Rg4 19. Kd2 Rh8 20. Rae1 Kd6 21. Rh2 c5 22. Bf5 Rf4 23. Bxe6 fxe6 24. f3 b5 25. Ne2 Rf7 26. Rh3 Rg8 27. Rg3 Rxg3 28. Nxg3 Rg7 29. Nxh5 Rxg2+ 30. Re2 Rg6 31. Nf4 Rh6 32. Rh2 e5 33. Ng2 d4 34. Ne1 c4 35. Nc2 Rh5 36. f4 a5 37. fxe5+ Kxe5 38. b3 Kd5 39. Rh3 Ke4 40.
Rh2 c3+ 41. Kd1 d3 42. Ne1 Rf5 43. Rh3 Rf1 44. Rxd3 Rxe1+ 45. Kxe1 Kxd3 46. Kd1 Ke4 47. Kc2 b4 48. a3 Kf5 49. axb4 axb4 50. Kd3 Kf6 51.
Kc4 c2 52. Kxb4 c1=Q 53. Kb5 Qc8 54. b4 Qb8+ 55. Ka5 Kg6 56. b5 Kh5 57. Ka6 Kxh4 58. b6 Kg5 59. b7 Kf6 60. Kb6 Ke6 61. Kc6 Ke7 62. Kb6 Kd7 63. Ka6 Kc7 64. Ka5 Qxb7 65. Ka4 Qb2 66. Ka5 Kc6 67. Ka4 Kc5 68. Ka5 Qa1# 0-1

[Event "*** SCC Grand Prix: Titled Tuesday Blitz"]
[Site "Chess.com"]
[Date "2020.07.14"]
[Round "4"]
[White "AJSC02"]
[Black "Xeniya2005"]
[Result "0-1"]
[WhiteElo "2112"]
[BlackElo "2376"]
[TimeControl "180+1"]
[EndTime "10:39:35 PDT"]
[Termination "Xeniya2005 won on time"]

1. d4 Nf6 2. Nf3 d5 3. Bf4 c5 4. e3 Nc6 5. Nbd2 Qb6 6. dxc5 Qxb2 7. Rb1 Qc3 8. Rb3 Qxc5 9. c4 e6 10. Rb5 Qe7 11. cxd5 Nxd5 12. Bg3 Nc3 13. Qb3 Nxb5 14. Bxb5 Bd7 15. Nc4 Qb4+ 16. Ke2 Qxb3 17. axb3 Bb4 18.
Nd6+ Bxd6 19. Bxd6 a6 20. Bd3 f6 21. b4 Kf7 22. g4 g6 23. g5 f5 24. Bc4 Rhd8 25. Rd1 Rac8 26. Bb3 Ke8 27. Bc5 Ne7 28.
Bb6 Bb5+ 29. Ke1 Rxd1+ 30. Kxd1 Nd5 31. Bc5 b6 32. Bd6 Rd8 33. Be5 Nxb4+ 34. Ke1 Nd3+ 0-1

[Event "*** SCC Grand Prix: Titled Tuesday Blitz"]
[Site "Chess.com"]
[Date "2020.07.14"]
[Round "4"]
[White "Zhani-Z"]
[Black "Duong57"]
[Result "1-0"]
[WhiteElo "2424"]
[BlackElo "2235"]
[TimeControl "180+1"]
[EndTime "10:39:36 PDT"]
[Termination "Zhani-Z won by resignation"]

1. e4 c5 2. Nf3 d6 3. d4 cxd4 4. Nxd4 Nf6 5. Nc3 a6 6. Bc4 e6 7.
Bb3 Nc6 8. O-O Be7 9. f4 O-O 10.
Be3 Na5 11. f5 Nxb3 12. axb3 e5 13. Nf3 Bd7 14. Bg5 Bc6 15. Bxf6 Bxf6 16. Nd5 Rc8 17. c3 Bxd5 18. exd5 Qb6+ 19. Kh1 e4 20. Nd2 Rfe8 21.
Re1 e3 22. Nc4 Qc5 23. Qd3 Bg5 24. Re2 b5 25. Na5 Re5 26. Rd1 h6 27. b4 Qb6 28. Nc6 Rxc6 29. dxc6 Qxc6 30. Qxd6 Qe4 31. Qd3 Qg4 32. Rf1 Bf4 33. g3 Bg5 34. Kg2 Rd5 35.
h3 Qxh3+ 36. Kxh3 Rxd3 37. Ra1 Rd2 38. Rxd2 exd2 39. Kg2 g6 40. fxg6 fxg6 41. Kf2 h5 42. Ke2 Kg7 43. Rxa6 Bh6 44. Rb6 g5 45. Rxb5 h4 46.
Kxd2 g4+ 47. Ke2 hxg3 48. Kf1 Bc1 49. b3 Bd2 50. c4 Be3 51. Rb7+ Kg6 52. Kg2 Bf2 53.
c5 Kf6 54. c6 Ke6 55. b5 Kd6 56. Rd7+ Ke6 57. Rd3 Ke7 58. c7 1-0

[Event "*** SCC Grand Prix: Titled Tuesday Blitz"]
[Site "Chess.com"]
[Date "2020.07.14"]
[Round "4"]
[White "sotochess"]
[Black "BikingBrian"]
[Result "1-0"]
[WhiteElo "2431"]
[BlackElo "2200"]
[TimeControl "180+1"]
[EndTime "10:39:36 PDT"]
[Termination "sotochess won on time"]

1. e4 c5 2. Nf3 g6 3. d4 cxd4 4.
Qxd4 Nf6 5. e5 Nc6 6. Qa4 Nd5 7. Qe4 Nb6 8. Nc3 d5 9. exd6 Bf5 10. dxe7 Bxe7 11.
Qe2 O-O 12. Be3 Nb4 13. Rc1 Re8 14. Qd2 Qc8 15. a3 Rd8 16. Qe2 Nxc2+ 17. Rxc2 Bd3 18. Qxd3 Rxd3 19. Bxd3 Qd8 20. Ke2 Nd5 21. Nxd5 Qxd5 22. Rd1 Qb3 23. Rdd2 Re8 24. Nd4 Qd5 25. Kf1 Bg5 26.
Bc4 Qd8 27. Ne6 Qf6 28. Nxg5 Rxe3 29. Nxf7 Kg7 30. Nd8 Re7 31. Ne6+ Kh6 32. Nd4 g5 33. h3 Kg7 34. g4 Kh8 35. Nf5 Rc7 36. Re2 h5 37. Re8+ Kh7 38. Bg8+ Kg6 39. Rxc7 1-0

[Event "*** SCC Grand Prix: Titled Tuesday Blitz"]
[Site "Chess.com"]
[Date "2020.07.14"]
[Round "4"]
[White "RodinMihail"]
[Black "Chessdreamer2020"]
[Result "1-0"]
[WhiteElo "2458"]
[BlackElo "2590"]
[TimeControl "180+1"]
[EndTime "10:39:37 PDT"]
[Termination "RodinMihail won by checkmate"]

1. e4 d6 2. d4 Nf6 3. Nc3 c6 4. g3 e5 5. Nge2 b5 6. a3 a5 7.
Bg2 Ba6 8. Be3 b4 9. Nb1 exd4 10. Bxd4 Nbd7 11. O-O Be7 12. h3 O-O 13. Re1 c5 14. Be3 Bb7 15. Nd2 Re8 16. g4 Bf8 17. Ng3 d5 18. g5 Nxe4 19. Ndxe4 dxe4 20. Bf4 Qb6 21.
Nxe4 Rad8 22. Qg4 c4 23. Rad1 Nc5 24. Rxd8 Qxd8 25. f3 Bxe4 26. fxe4 Ne6 27. Be3 bxa3 28. bxa3 Bxa3 29. h4 Qc7 30. h5 Bc5 31. g6 Bxe3+ 32. Rxe3 fxg6 33. hxg6 Qc5 34. gxh7+ Kh8 35. Qg3 Nd4 36. Kh1 Qh5+ 37. Bh3 Qd1+ 38. Re1 Qxc2 39. e5 c3 40. e6 Qd2 41. Rf1 c2 42. Qg6 Rb8 43. e7 Qe3 44. Rf8+ Rxf8 45. exf8=Q# 1-0

[Event "*** SCC Grand Prix: Titled Tuesday Blitz"]
[Site "Chess.com"]
[Date "2020.07.14"]
[Round "4"]
[White "MomchilPetkov"]
[Black "alexsergeyev"]
[Result "1-0"]
[WhiteElo "2581"]
[BlackElo "2349"]
[TimeControl "180+1"]
[EndTime "10:39:38 PDT"]
[Termination "MomchilPetkov won on time"]

1. d4 d5 2. c4 c6 3. cxd5 cxd5 4. Bf4 Nc6 5. e3 Nf6 6. Nc3 e6 7. Bd3 Bd6 8. Bxd6 Qxd6 9. f4 Bd7 10. Nf3 O-O-O 11. Rc1 Kb8 12. a3 Rc8 13. O-O Rhd8 14. Ne5 Be8 15. b4 h6 16. Qe2 Qe7 17. Kh1 Nd7 18. Nxc6+ Rxc6 19. Na4 Rdc8 20. Nc5 f6 21. Qg4 Nxc5 22. bxc5 e5 23. fxe5 fxe5 24. Qg3 R8c7 25. Bb5 Rg6 26. Qh3 Bxb5 27. Rf5 Bd7 28. Qh5 Bxf5 29.
Qxf5 Qf6 30. Qh3 Rf7 31. Rg1 Qf5 32. Qh4 Rg5 33. Qe1 Qe4 34. Qa5 1-0

[Event "*** SCC Grand Prix: Titled Tuesday Blitz"]
[Site "Chess.com"]
[Date "2020.07.14"]
[Round "4"]
[White "The_Machine04"]
[Black "earling8018"]
[Result "1-0"]
[WhiteElo "2289"]
[BlackElo "2048"]
[TimeControl "180+1"]
[EndTime "10:39:38 PDT"]
[Termination "The_Machine04 won on time"]

1. d4 d5 2. Bf4 e6 3. e3 Bd6 4.
Bg3 Nf6 5. Nd2 Bxg3 6. hxg3 Qd6 7. c3 Nbd7 8. f4 Ne4 9. Rh3 f5 10. Ngf3 Ndf6 11. Ne5 Bd7 12. Nxe4 dxe4 13. Be2 Rf8 14. g4 h6 15. gxf5 exf5 16. Bh5+ Kd8 17. Nf7+ Rxf7 18.
Bxf7 c6 19. Bc4 Kc7 20. Qb3 b5 21. Be2 Be6 22. Qc2 Nd5 23. O-O-O a5 24. Rg1 Nb6 25. g4 Bxa2 26. b3 Qa3+ 27. Qb2 b4 28. Qxa3 bxa3 29. Kc2 a4 30. bxa4 Bd5 31. gxf5 Rxa4 32. Rxg7+ Nd7 33. Rh1 a2 34. Ra1 Kd6 35. Kb2 Nf6 36. Rg6 1-0

[Event "*** SCC Grand Prix: Titled Tuesday Blitz"]
[Site "Chess.com"]
[Date "2020.07.14"]
[Round "4"]
[White "Ginger_GM"]
[Black "elohunter1999"]
[Result "0-1"]
[WhiteElo "2615"]
[BlackElo "2467"]
[TimeControl "180+1"]
[EndTime "10:39:40 PDT"]
[Termination "elohunter1999 won by checkmate"]

1. d4 Nf6 2. Nc3 d5 3. Bf4 c5 4.
e3 cxd4 5. exd4 a6 6. Nf3 Nc6 7. h3 e6 8. Bd3 Bd6 9. Ne2 O-O 10.
O-O Ne4 11. c3 f5 12. Bxd6 Qxd6 13. Qc1 Rf6 14. Qf4 Qe7 15. Ne5 g5 16. Nxc6 bxc6 17. Qe5 Rg6 18. f3 Nd6 19. Rae1 Bd7 20. Nc1 Rf8 21.
Nb3 Bc8 22. Nc5 Rh6 23. b3 a5 24. Re2 Nf7 25. Qxf5 e5 26. Rxe5 Qd6 27. Ne6 Bxe6 28. Rxe6 Qxe6 29. Kf2 Qxf5 30. Bxf5 Nd6 31. Bd3 Re6 32.
Rc1 Rfe8 33. Bf1 h5 34. c4 h4 35. cxd5 cxd5 36. Rc5 Nf5 37. Rxd5 Ng3 38. Rxg5+ Kf8 39. Bc4 Re1 40. Rg4 Nh1# 0-1

[Event "*** SCC Grand Prix: Titled Tuesday Blitz"]
[Site "Chess.com"]
[Date "2020.07.14"]
[Round "4"]
[White "Kolle05"]
[Black "Zurability"]
[Result "0-1"]
[WhiteElo "2370"]
[BlackElo "2592"]
[TimeControl "180+1"]
[EndTime "10:39:40 PDT"]
[Termination "Zurability won on time"]

1. e4 e5 2. Nf3 Nc6 3. Bb5 a6 4. Ba4 Nf6 5. Qe2 d6 6. O-O Bd7 7. c3 Be7 8. d4 O-O 9. Bc2 Re8 10. h3 Bf8 11. Bg5 h6 12. Bh4 Be7 13. Nbd2 Nh5 14.
Bxe7 Qxe7 15. Qe3 Nf4 16. dxe5 dxe5 17. a4 Qf6 18. Kh2 Qg6 19. Rg1 Qh5 20. Ne1 Rad8 21.
Nd3 Ne6 22. Qf3 Qh4 23. Nc4 Ng5 24. Qg3 Qxe4 25. b3 Qd5 26. Rad1 Ne4 27. Qe3 Nxc3 28. Rd2 Qd4 29. Nc5 Qxe3 30. fxe3 Bc8 31. Rxd8 Rxd8 32.
Be4 Nxe4 33. Nxe4 f6 34. Nc5 b6 35. Ne4 Bf5 36. Ng3 Be6 37. Rc1 Nb4 38. Ne2 Rd3 39. Rc3 Rxc3 40. Nxc3 Kf7 41. Kg3 Nd3 0-1

[Event "*** SCC Grand Prix: Titled Tuesday Blitz"]
[Site "Chess.com"]
[Date "2020.07.14"]
[Round "4"]
[White "bgfbfbgfbgfgf"]
[Black "Rytenko_V"]
[Result "1-0"]
[WhiteElo "2666"]
[BlackElo "2469"]
[TimeControl "180+1"]
[EndTime "10:39:41 PDT"]
[Termination "bgfbfbgfbgfgf won on time"]

1. e4 d6 2. d4 Nf6 3. Nc3 g6 4. f4 Bg7 5. Nf3 c5 6. d5 O-O 7. Bd3 b5 8. Nxb5 c4 9. Bxc4 Nxe4 10. Qe2 Qa5+ 11. c3 a6 12. Nbd4 f5 13. O-O Nd7 14. Nc6 Qc7 15. Be3 Ndf6 16. Bd4 Bb7 17. Bb3 Kh8 18.
Ng5 Nxg5 19. fxg5 Ne4 20. Bxg7+ Kxg7 21. Nd4 Qc5 22. Rad1 a5 23. Kh1 Bc8 24. Bc2 Ba6 25.
Ne6+ Kh8 26. Bd3 Bxd3 27. Rxd3 Qc4 28. Nxf8 Rxf8 29. b3 Qa6 30. c4 a4 31. Rdf3 Rb8 32. g4 Nxg5 33. Re3 Ne4 34. gxf5 Nf6 35. fxg6 hxg6 36. Rxe7 Rf8 37. Qe6 Ng8 38. Qh3+ 1-0

[Event "*** SCC Grand Prix: Titled Tuesday Blitz"]
[Site "Chess.com"]
[Date "2020.07.14"]
[Round "4"]
[White "mohssenbinaddi"]
[Black "sasko1234"]
[Result "0-1"]
[WhiteElo "2160"]
[BlackElo "2399"]
[TimeControl "180+1"]
[EndTime "10:39:41 PDT"]
[Termination "sasko1234 won on time"]

1. Nf3 Nf6 2. g3 d6 3. Bg2 c6 4. O-O Bg4 5. c4 Nbd7 6. h3 Bh5 7. Nc3 e5 8. d4 Be7 9. g4 Bg6 10.
Nh4 O-O 11. Nxg6 hxg6 12. b3 Re8 13. Bb2 Qc7 14. e3 Bf8 15. Rc1 a5 16. g5 Nh7 17.
h4 Be7 18. Ne4 f5 19. Ng3 Nhf8 20. Qd2 Ne6 21. Ne2 Bf8 22. Rfd1 e4 23. d5 Nec5 24.
Nf4 Kh7 25. Qe2 Nd3 26. h5 Nxf4 27. exf4 Nc5 28. hxg6+ Kxg6 29. Bh3 Qf7 30. Qe3 Nd3 31.
Rc2 Kh7 32. Qg3 Qg6 33. Bf1 Kg8 34. Bxd3 exd3 35. Rxd3 Re1+ 36. Kg2 Rae8 37. Re3 R8xe3 38. fxe3 Qh5 39. Qh3 Rg1+ 0-1

[Event "*** SCC Grand Prix: Titled Tuesday Blitz"]
[Site "Chess.com"]
[Date "2020.07.14"]
[Round "4"]
[White "Firouzja2003"]
[Black "nrvisakh"]
[Result "1-0"]
[WhiteElo "3078"]
[BlackElo "2774"]
[TimeControl "180+1"]
[EndTime "10:39:42 PDT"]
[Termination "Firouzja2003 won on time"]

1. d4 Nf6 2. c4 e6 3. Nf3 b6 4.
g3 Bb7 5. Bg2 Be7 6. O-O O-O 7.
Nc3 Ne4 8. Bd2 f5 9. d5 Bf6 10. Rc1 Na6 11. Qc2 Nac5 12. Rfd1 Qe8 13. Nb5 Nxd2 14.
Nxd2 Qb8 15. b4 Na6 16. a3 c6 17. Nc3 cxd5 18. cxd5 Rc8 19. Qd3 Nc7 20. Nc4 Bxc3 21. Nd6 Nxd5 22. Nxc8 Qxc8 23. Bxd5 Bxd5 24. Rxc3 Qe8 25.
Rdc1 h6 26. Rc7 a6 27. Qc3 Kh7 28. Qe5 b5 29. Rd1 Rd8 30. f3 Qg6 31. Kf2 Qh5 32.
h4 Qf7 33. Ra7 Rc8 34. Rd2 Rc6 35. Rd4 Rc2 36. Qe3 Bc4 37. Rdxd7 1-0

[Event "*** SCC Grand Prix: Titled Tuesday Blitz"]
[Site "Chess.com"]
[Date "2020.07.14"]
[Round "4"]
[White "m_ezat"]
[Black "swimmerchess"]
[Result "0-1"]
[WhiteElo "2551"]
[BlackElo "2832"]
[TimeControl "180+1"]
[EndTime "10:39:42 PDT"]
[Termination "swimmerchess won by resignation"]

1. d4 Nf6 2. c4 g6 3. Nc3 Bg7 4. e4 d6 5. Be2 O-O 6. Bg5 Na6 7. Qd2 e5 8. d5 Nc5 9. f3 h6 10. Be3 a5 11. g4 h5 12. h3 Nh7 13. h4 f5 14.
gxf5 gxf5 15. exf5 Bxf5 16. Nh3 e4 17. fxe4 Nxe4 18. Nxe4 Bxe4 19. Rg1 Qxh4+ 20. Nf2 Kh8 21. Rxg7 Kxg7 22. Qd4+ Nf6 23. Kd2 Rae8 24. Rg1+ Kh7 25. Nxe4 Nxe4+ 26. Kc2 Qf6 27. Qd3 Qf5 28. Rf1 Qg6 29. Rh1 Nf6 30. Rg1 Ng4 31. Bxg4 Qxd3+ 32. Kxd3 hxg4 33. Rxg4 Rf3 34. Re4 Rxe4 35. Kxe4 Rh3 36. c5 Rh4+ 37. Kf5 Rh5+ 38. Ke6 Re5+ 39. Kd7 Rxe3 40.
Kxc7 dxc5 41. d6 b5 42. Kc6 b4 43. Kxc5 Rd3 44. Kc6 Kg7 45. Kd7 Kf6 0-1

[Event "*** SCC Grand Prix: Titled Tuesday Blitz"]
[Site "Chess.com"]
[Date "2020.07.14"]
[Round "4"]
[White "Grischuk"]
[Black "okriak"]
[Result "1-0"]
[WhiteElo "3050"]
[BlackElo "2699"]
[TimeControl "180+1"]
[EndTime "10:39:42 PDT"]
[Termination "Grischuk won by resignation"]

1. Nf3 d5 2. d4 Nf6 3. c4 c6 4. e3 e6 5. Bd3 dxc4 6. Bxc4 b5 7.
Bd3 a6 8. O-O c5 9. a4 c4 10.
Be2 Bb7 11. axb5 axb5 12. Rxa8 Bxa8 13. b3 Bd5 14. bxc4 bxc4 15. Bxc4 Bxc4 16. Qa4+ Nbd7 17. Qxc4 Bd6 18. Ba3 Bxa3 19. Nxa3 O-O 20. Nb5 Qb6 21. Rc1 h6 22. h3 Rb8 23. Nc3 Qa5 24. Qa4 Qxa4 25.
Nxa4 Nd5 26. g4 g5 27. Nc3 Nxc3 28. Rxc3 Rb7 29. Rc2 Kg7 30. Kg2 Kg6 31. Rc6 Kg7 32. h4 Kf6 33. hxg5+ hxg5 34. Ra6 Rc7 35. Ra5 Nb6 36.
Nxg5 Nd5 37. Ne4+ Kg6 38. Nc5 Rc8 39. Kg3 Rb8 40. Nd3 f6 41. Nf4+ Nxf4 42. Kxf4 Rb2 43.
f3 Rb4 44. Ke4 e5 45. Ra8 exd4 46. exd4 Kf7 47. Ra7+ Kg6 48. Ra6 Kf7 49. f4 Rc4 50. Kf5 Rxd4 51. Rxf6+ Kg7 52. Re6 Rd5+ 53. Re5 Rd6 54.
g5 Kf7 55. Ra5 Rd7 56. g6+ Kg7 57. Kg5 Rd1 58. Ra7+ Kf8 59. f5 Rc1 60. Ra8+ Ke7 61. f6+ 1-0

[Event "*** SCC Grand Prix: Titled Tuesday Blitz"]
[Site "Chess.com"]
[Date "2020.07.14"]
[Round "4"]
[White "mbachez"]
[Black "vpsetter"]
[Result "0-1"]
[WhiteElo "2423"]
[BlackElo "2610"]
[TimeControl "180+1"]
[EndTime "10:39:42 PDT"]
[Termination "vpsetter won by resignation"]

1. e4 c5 2. Nf3 Nc6 3. Bb5 g6 4. c3 Nf6 5. d3 Bg7 6. O-O O-O 7. Re1 d5 8. e5 Ne8 9. Bf4 Nc7 10. Ba4 b5 11.
Bc2 d4 12. Nbd2 Nd5 13. Bg5 dxc3 14. bxc3 Nxc3 15. Qc1 h6 16. Bh4 g5 17. Bg3 Nd4 18. Nxd4 cxd4 19. Bb3 Bb7 20. e6 f5 21. Be5 Rc8 22. Qa3 a5 23. Bxg7 Kxg7 24. Rac1 Qc7 25. Nf1 a4 26. Bd1 Qc5 27. Qb2 a3 28. Qd2 Bd5 29.
Ng3 Qd6 30. h4 f4 31. Nh5+ Kg6 32. hxg5 hxg5 33. Bg4 Rh8 34. f3 Rxh5 35. Bxh5+ Kxh5 36. Qf2 Bxa2 37. g4+ fxg3 38. Qg2 Kg6 39. Rc2 Rh8 40.
Rxa2 Rh2 41. f4 Rxg2+ 42. Rxg2 gxf4 43. Re4 Nxe4 44. Kf1 Nf2 45. Ke2 a2 46. Kf3 Qd5+ 47. Kxf4 Qxg2 0-1

[Event "*** SCC Grand Prix: Titled Tuesday Blitz"]
[Site "Chess.com"]
[Date "2020.07.14"]
[Round "4"]
[White "Matibar"]
[Black "Colchonero64"]
[Result "1/2-1/2"]
[WhiteElo "2682"]
[BlackElo "2932"]
[TimeControl "180+1"]
[EndTime "10:39:43 PDT"]
[Termination "Game drawn by repetition"]

1. e4 c5 2. Nf3 e6 3. d4 cxd4 4. Nxd4 a6 5. Nc3 b5 6. Bd3 Qb6 7. Nf3 Qc7 8. O-O Bb7 9. e5 f5 10. Re1 Be7 11. Nd4 g6 12. Bf4 Nc6 13. Nxf5 gxf5 14.
Qh5+ Kf8 15. Bxf5 Nd4 16. Bxh7 Nf5 17. Qg6 Bb4 18. Ne4 Bxe1 19. Rxe1 Bxe4 20. Rxe4 d5 21. Bxg8 Rxg8 22. Qxe6 dxe4 23. Qxf5+ Qf7 24. Qxe4 Rd8 25. h3 Qg6 26. Qf3 Ke8 27. Kh2 Qe6 28. Bg3 Kd7 29. Qb7+ Ke8 30. b3 Rg6 31. Qe4 Rd7 32.
c4 bxc4 33. bxc4 Kf7 34. Qf3+ Kg8 35. c5 Rf7 36. Qa8+ Kg7 37. Qe4 Qf5 38. Qd4 Qe6 39.
Qe4 Rd7 40. Qh4 Rf7 41. Qe4 1/2-1/2

[Event "*** SCC Grand Prix: Titled Tuesday Blitz"]
[Site "Chess.com"]
[Date "2020.07.14"]
[Round "4"]
[White "BlackBoarder"]
[Black "Alohamora11"]
[Result "0-1"]
[WhiteElo "2588"]
[BlackElo "2424"]
[TimeControl "180+1"]
[EndTime "10:39:43 PDT"]
[Termination "Alohamora11 won on time"]

1. e4 c5 2. Nf3 g6 3. c3 Bg7 4. d4 cxd4 5. cxd4 d5 6. exd5 Nf6 7.
Bb5+ Nbd7 8. Nc3 O-O 9. O-O Nb6 10. Re1 Nbxd5 11. Bg5 h6 12. Bh4 g5 13. Bg3 a6 14. Ba4 b5 15. Bb3 Bb7 16. Ne5 Rc8 17.
Rc1 e6 18. h4 Nxc3 19. bxc3 Ne4 20. Qd3 Nxg3 21. Qxg3 gxh4 22. Qh3 Qg5 23. Nf3 Bxf3 24.
Qxf3 Bxd4 25. Rc2 Bg7 26. Re4 h5 27. c4 Rfd8 28. cxb5 Rxc2 29. Bxc2 Qc1+ 30. Kh2 Qxc2 31. bxa6 Qxa2 32. Qxh5 Qxa6 33. Rxh4 Qa1 34. Rf4 Rd7 35. g3 Qe5 36. Qf3 Ra7 37. Qd3 Ra8 38. Qf3 Rf8 39.
Rg4 f5 40. Rh4 Rf6 41. Qh5 Qb8 42. Qh7+ Kf8 0-1

[Event "*** SCC Grand Prix: Titled Tuesday Blitz"]
[Site "Chess.com"]
[Date "2020.07.14"]
[Round "4"]
[White "pedromartinez91"]
[Black "Stosk"]
[Result "1-0"]
[WhiteElo "2531"]
[BlackElo "2343"]
[TimeControl "180+1"]
[EndTime "10:39:43 PDT"]
[Termination "pedromartinez91 won on time"]

1. e4 c5 2. Nf3 Nc6 3. Bb5 Qb6 4. Bxc6 Qxc6 5. Nc3 a6 6. O-O e6 7. d4 cxd4 8. Nxd4 Qc7 9. Re1 d6 10. Bg5 Be7 11.
Bxe7 Nxe7 12. Re3 Bd7 13. Rg3 g6 14. Qd2 O-O-O 15. Rd1 Kb8 16. Rd3 f5 17. Nf3 Nc8 18. e5 d5 19. Ne2 Bc6 20. Ned4 Qd7 21. c4 Nb6 22. c5 Nc4 23. Qc3 Rhe8 24. b3 Na3 25.
Qb4 Nb5 26. Nxb5 Bxb5 27. R3d2 h6 28. a4 Bc6 29. Nd4 Rc8 30. Qc3 g5 31. Ra1 Ka8 32. Qc2 Qc7 33. Re2 Bd7 34. b4 b6 35. Nb3 Qb7 36.
Qd2 Rc7 37. cxb6 Qxb6 38. Nc5 Rec8 39. a5 Qb5 40. Ree1 Rxc5 41. bxc5 Rxc5 42. h4 f4 43. Rab1 Qc6 44. Qd3 Qc8 45. Qg6 gxh4 46. Qxh6 Rxa5 47. Qxh4 Ra4 48. Rec1 Rc4 49. Rxc4 Qxc4 50. Qd8+ Qc8 51. Qb6 Bc6 52. Rc1 1-0